 Dungeon Crawl Stone Soup version 0.31-a0-345-g1ebeae05c6 (webtiles) character file.

Game seed: 17974244972366089738

47 LeprechaunX the Ruffian (level 3, -4/24 HPs)
             Began as an Octopode Shapeshifter on July 23, 2023.
             Engulfed by Sigmund's steam (12 damage)
             ... on level 2 of the Dungeon.
             The game lasted 00:01:05 (1021 turns).

LeprechaunX the Ruffian (Octopode Shapeshifter)     Turns: 1021, Time: 00:01:05

Health: -4/24      AC:  1    Str: 16    XL:     3   Next: 70%
Magic:  3/3        EV: 13    Int: 10    God:
Gold:   59         SH:  0    Dex: 12    Spells: 2/2 levels left

rFire   . .          .
                       - Unarmed
rCold   . . .        (no shield)
rNeg    . . .        (helmet currently unavailable)
rPois   .            (no amulet)
rElec   .            (no ring)
rCorr   .            (no ring)
SInv    .            (no ring)
Will    .....        (no ring)
Stlth   +++          (no ring)
HPRegen 0.24/turn    (no ring)
MPRegen 0.08/turn    (no ring)
                     (no ring)

%: no passive effects
@: confused, beast-form
A: beast (slay +2), almost no armour, amphibious, 8 rings, camouflage 1,
gelatinous body 1, nimble swimmer 1, tentacles
a: Begin Untransformation


You were on level 2 of the Dungeon.
You were a hulking beast.
You visited 1 branch of the dungeon, and saw 2 of its levels.

You collected 59 gold pieces.

Inventory:

Talismans
 b - a beast talisman
Scrolls
 d - 2 scrolls of identify {unknown}
 e - 2 scrolls of torment {unknown}
 f - a scroll of teleportation {unknown}
 g - a scroll of fog {unknown}
 i - a scroll of noise {unknown}
 l - a scroll of immolation {unknown}
Potions
 a - a potion of lignification
 c - 2 potions of heal wounds {unknown}
 h - a potion of magic {unknown}
 j - a potion of cancellation {unknown}
 k - 2 potions of curing {unknown}


   Skills:
 + Level 1.7 Fighting
 + Level 2.4 Dodging
 * Level 3.7 Unarmed Combat
 + Level 3.2 Shapeshifting


You had 2 spell levels left.
You didn't know any spells.
Your spell library contained the following spells:

 Spells                   Type           Power      Damage    Failure   Level
 Inner Flame              Hex/Fire       0%         N/A       75%         3
 Summon Guardian Golem    Hex/Summ       0%         N/A       75%         3
 Flame Wave               Conj/Fire      0%         2d4       98%         4
 Sticky Flame             Conj/Fire      0%         2d3       98%         4
 Orb of Destruction       Conj           0%         9d5       100%        7
 Spellforged Servitor     Conj/Summ      0%         N/A       100%        7


Dungeon Overview and Level Annotations

Branches:
Dungeon (2/15)

Altars:

Annotations:
D:2 Sigmund


Innate Abilities, Weirdness & Mutations

You are a hulking beast.
Your limbs bulge with bestial killing power. (Slay +2)
You cannot wear most types of armour.
You are amphibious.
You can wear up to eight rings at the same time.
Your skin changes colour to match your surroundings (Stealth+).
Your rubbery body absorbs attacks. (AC +1, EV +1)
You are camouflaged when in or above water. (Stealth+)
You have tentacles for arms and can constrict up to eight enemies at once.


Message History

You closely miss the goblin. You grab the goblin. You constrict the goblin.
The goblin closely misses you.
You bludgeon the goblin!
You kill the goblin!
No target in view!
No target in view!
No target in view!
No target in view!
No target in view!
No target in view!
No target in view!
No target in view!
No target in view!
No target in view!
No target in view!
No target in view!
No target in view!
No target in view!
No target in view!
No target in view!
No target in view!
l - a scroll labelled XIAMO VIROE You enter the shallow water.
You see here an adder corpse.
Sigmund is nearby!
Sigmund is nearby!
You see here a scroll labelled IWNUFO FUDIECW.
You enter the shallow water.
You start waiting.
Sigmund is nearby!
Sigmund casts a spell at you. The puff of flame hits you!
Sigmund gestures at you while chanting.
You are confused.
Sigmund points at you and mumbles some strange words.
The puff of flame hits you!
* * * LOW HITPOINT WARNING * * *
You are engulfed in a cloud of scalding steam.
Ouch! That really hurt!
You die...

#♣ ~~~♣♣ ~~ ~~~~♣ #
♣♣~♣♣~~♣~♣♣ #.
♣~~PP~~~~~♣~ #.♣
~~~P~~~~PP~
#.~♣♣P~P~≈~~~~~
#.~~~P≈≈~≈~~P~♣## #
#.~P~~~≈≈≈~≈~♣P~. #.
#~♣P~~≈h≈≈≈~PP~♣ ##.##
#♣♣PP≈≈≈§≈≈≈PP♣ .....##
#~~~≈≈≈≈≈≈≈≈≈~♣ #...
#~~~≈≈≈≈≈§≈≈P♣♣♣# #...
#♣♣P≈≈≈≈≈≈§≈≈~♣~######.#
♣P~≈≈≈≈≈≈≈§≈~~~#......#
#~♣~~≈≈≈≈≈≈§@~♣~..######
#~♣~~~≈≈≈≈~≈@~♣♣### #
♣~P~~≈≈≈≈~~~~.# ##


You could see Sigmund.

Vanquished Creatures
  An adder (D:2)
  A dart slug (D:2)
  5 ball pythons (D:1)
  2 endoplasms
  3 goblins
  3 hobgoblins
  7 jackals
  3 quokkas
  A bat (D:1)
  2 frilled lizards (D:1)
  2 rats
30 creatures vanquished.

Notes
Turn   | Place    | Note
-------+----------+-------------------------------------------
     0 | D:1      | LeprechaunX the Octopode Shapeshifter began the quest for
                  | the Orb.
     0 | D:1      | Reached XP level 1. HP: 13/13 MP: 1/1
   102 | D:1      | Reached XP level 2. HP: 18/18 MP: 2/2
   683 | D:1      | Reached XP level 3. HP: 23/23 MP: 3/3
   935 | D:2      | Noticed Sigmund
   947 | D:2      | Identified the +6 long sword "Zofa Nei" {speed, rC- Dex+4
                  | Stlth+}
  1021 | D:2      | Engulfed by Sigmund's steam

Illustrated notes

Levels and vault maps discovered:
D:1:      wander_arrival_peaceful_grave, layout_basic,
          minmay_misc_feat_more_columns
D:2:      layout_rooms, serial_bayou_lake_a, uniq_sigmund

Action                     || total
---------------------------++-------
  Melee: Unarmed           ||    46
         Constrict         ||    15
         Tentacles         ||    10
         Punch             ||     1
   Stab: Sleeping          ||     8
 Armour: Skin              ||     3
  Dodge: Dodged            ||    30

Table legend: (Time is in decaauts)
 A = Elapsed time spent in this place.
 B = Non-inter-level travel time spent in this place.
 C = Inter-level travel time spent in this place.
 D = Time resting spent in this place.
 E = Time spent auto-exploring this place.
 F = Levels seen in this place.
 G = Mean time per level.
                   A        B        C        D        E       F      G
               +--------+--------+--------+--------+--------+-----+--------+
         Total |   1017 |   1010 |      7 |      4 |    828 |   2 |  508.5 |
       Dungeon |   1017 |   1010 |      7 |      4 |    828 |   2 |  508.5 |
               +--------+--------+--------+--------+--------+-----+--------+

Top non-repeatable levels by time:
     D:1: 744 daAuts
     D:2: 272 daAuts
